 Dungeon Crawl Stone Soup version 0.29.1-2-gbd0b4ee654 (webtiles) character file.

Game seed: 3557475682961755193

3 xian the Trooper (level 1, 0/18 HPs)
             Began as a Demonspawn Abyssal Knight on Nov 8, 2022.
             Was a Believer of Lugonu.
             Slain by a goblin
             ... wielding a +0 dagger
              (2 damage)
             ... on level 1 of the Dungeon.
             The game lasted 00:00:44 (117 turns).

xian the Trooper (Demonspawn Abyssal Knight)         Turns: 117, Time: 00:00:44

Health: 0/18       AC:  3    Str: 13    XL:     1   Next: 41%
Magic:  1/2        EV: 11    Int: 11    God:    Lugonu [**....]
Gold:   0          SH:  0    Dex: 13    Spells: 0/0 levels left

rFire   . . .      SeeInvis .   a - +1 hand axe
rCold   . . .      Faith    .   (no shield)
rNeg    . . .      Spirit   .   b - +0 leather armour
rPois   .          Reflect  .   (no helmet)
rElec   .          Harm     .   (no cloak)
rCorr   .          Rampage  .   (no gloves)
Will    .....                   (no boots)
Stlth   +.........              (no amulet)
HPRegen 0.06/turn               (no ring)
MPRegen 0.08/turn               (no ring)

@: no status effects
A: no striking features
a: Renounce Religion, Depart the Abyss, Bend Space


You were on level 1 of the Dungeon.
You worshipped Lugonu.
Lugonu was pleased with you.
You visited 1 branch of the dungeon, and saw 1 of its levels.
You visited the Abyss 1 time.

Inventory:

Hand Weapons
 a - a +1 hand axe (weapon)
Armour
 b - a +0 leather armour (worn)
Potions
 c - a potion of curing {unknown}


   Skills:
 + Level 3.2 Fighting
 + Level 1.7 Axes
 + Level 1.7 Armour
 + Level 0.8 Dodging
 * Level 2.5 Invocations


You couldn't memorise any spells.
You didn't know any spells.
Your spell library was empty.

Dungeon Overview and Level Annotations

Branches:
Dungeon (1/15)

Altars:


Message History

A kobold is nearby!
Found a sedimented black potion and a Trismegistus Codex.
A goblin and a hobgoblin come into view.
The goblin shouts!
The hobgoblin shouts!
A giant cockroach comes into view.
The kobold barely misses you.
You hit the kobold.
The kobold is severely wounded.
The kobold hits you with a +0 short sword.
You closely miss the kobold.
The kobold is severely wounded.
The kobold hits you with a +0 short sword. x2
You barely miss the kobold.
The kobold is severely wounded.
You barely miss the goblin. The goblin misses you.
The kobold closely misses you. The kobold attacks as you move away!
The kobold hits you but does no damage.
The giant cockroach attacks as you move away!
The giant cockroach barely misses you. The kobold attacks as you move away!
The kobold hits you with a +0 short sword.
* * * LOW HITPOINT WARNING * * *
The giant cockroach closely misses you.
You aren't in the Abyss!
Space bends violently around you!
You blink.
Okay, then.
The hobgoblin attacks as you move away! The hobgoblin closely misses you.
You hit the kobold.
You kill the kobold!
Lugonu accepts your kill.
You hit the hobgoblin but do no damage. The hobgoblin hits you.
* * * LOW HITPOINT WARNING * * *
Unknown command.
You hit the hobgoblin but do no damage. The hobgoblin barely misses you.
The giant cockroach bites you but does no damage.
You hit the goblin.
The goblin is heavily wounded.
You hit the hobgoblin but do no damage. You hit the giant cockroach.
The hobgoblin barely misses you. The goblin hits you with a +0 dagger.
You die...

.....# #.........# . .....#
#.........#####.# ≈≈...#
#...............# ≈≈...#
#............## .....#
#.............# ####.#
####..###..##....
#..#########.####..## ###
#......##.....#g....#### ###
##.###.#......@g(......#....
#.# #.........B.......?....
#.# #......................
#.. ##......>..............
### #..................!..
.......................
##..................:..
......................
###...................


You could see a giant cockroach, a hobgoblin and a goblin.

Vanquished Creatures
  A dart slug (D:1)
  A kobold (D:1)
2 creatures vanquished.

Notes
Turn   | Place    | Note
-------+----------+-------------------------------------------
     0 | Abyss:1  | xian the Demonspawn Abyssal Knight began the quest for the
                  | Orb.
     0 | Abyss:1  | Reached XP level 1. HP: 18/18 MP: 2/2
     2 | Abyss:1  | Found a corrupted altar of Lugonu.
    38 | Abyss:1  | Noticed a tentacled starspawn
    43 | Abyss:1  | Noticed a wretched star
    45 | D:1      | Escaped the Abyss
   117 | D:1      | Slain by a goblin

Illustrated notes

Levels and vault maps discovered:
D:1:      amcnicky_arrival_double_pillar, layout_rooms, serial_curves,
          eino_curves_02, eino_curves_02, dreamdust_ecumenical_altar_statues

Action                   || total
-------------------------++-------
Melee: Hand axe          ||     9
Invok: Depart the Abyss  ||     1
       Bend Space        ||     1
Armor: Leather armour    ||     2
Dodge: Dodged            ||     9
